 Dungeon Crawl Stone Soup version 0.30-a0-269-gf0224bf7b6 (webtiles) character file.

Game seed: 5983134527097551646

1143 ragingrage the Grappler (level 8, -11/67 (74) HPs)
             Began as a Troll Fighter on Oct 14, 2022.
             Was a Follower of Ru.
             Mangled by a wight
             ... wielding a +5 dire flail of freezing
              (17 damage)
             ... on level 6 of the Dungeon.
             The game lasted 00:04:25 (4813 turns).

ragingrage the Grappler (Troll Fighter)             Turns: 4813, Time: 00:04:25

HP:   -11/67 (74)   AC:  4    Str: 27    XL:     8   Next: 15%
MP:   7/7           EV:  8    Int:  4    God:    Ru [*.....]
Gold: 329           SH:  7    Dex:  9    Spells: 7/7 levels left

rFire   . . .      SeeInvis .      - Unarmed
rCold   . . .      Faith    .    b - +0 kite shield
rNeg    . . .      Spirit   .    a - +0 robe
rPois   .          Reflect  .    (helmet restricted)
rElec   .          Harm     .    (no cloak)
rCorr   .          Rampage  .    (gloves unavailable)
Will    +....                    (boots unavailable)
Stlth   +.........               f - amulet of the acrobat
HPRegen 1.11/turn                h - ring of willpower
MPRegen 0.10/turn                (no ring)

@: mighty, brilliant, drained
A: large, unfitting armour, claws 3, regeneration 1, shaggy fur 1, tough skin 1,
no air magic, no hexes magic, no translocations magic
a: Renounce Religion


You were on level 6 of the Dungeon.
You worshipped Ru.
Ru was aware of your devotion.
You visited 2 branches of the dungeon, and saw 8 of its levels.
You also visited: Sewer.

You collected 329 gold pieces.

Inventory:

Missiles
 l - 2 boomerangs
 p - 14 poisoned darts (quivered)
Armour
 a - a +0 robe (worn)
 b - a +0 kite shield (worn)
Jewellery
 f - an amulet of the acrobat (around neck)
 h - a ring of willpower (left claw)
 y - a +6 ring of strength
Wands
 s - a wand of mindburst (6)
Scrolls
 d - a scroll of poison
 g - a scroll of enchant armour {unknown}
 i - 2 scrolls of magic mapping
 j - a scroll of silence {unknown}
 n - 5 scrolls of teleportation
 o - a scroll of noise {unknown}
 r - 2 scrolls of identify
 v - a scroll of fear {unknown}
 w - a scroll of amnesia {unknown}
 x - a scroll of vulnerability {unknown}
 z - a scroll of summoning {unknown}
 C - a scroll of immolation
 D - a scroll of butterflies {unknown}
Potions
 e - a potion of ambrosia {unknown}
 k - a potion of curing
 q - a potion of brilliance
 t - a potion of degeneration {unknown}
 u - a potion of haste {unknown}
 A - a potion of attraction {unknown}
 B - a potion of resistance {unknown}


   Skills:
 - Level 2.4 Fighting
 - Level 2.4 Dodging
 - Level 2.6 Shields
 + Level 9.9 Unarmed Combat


You had 7 spell levels left.
You didn't know any spells.
Your spell library contained the following spells:

 Spells                   Type           Power      Damage    Failure   Level
 Gell's Gravitas          Tloc           Unusable   N/A       N/A         3
 Lesser Beckoning         Tloc           Unusable   N/A       N/A         3
 Teleport Other           Tloc           Unusable   N/A       N/A         3

Dungeon Overview and Level Annotations

Branches:
Dungeon (7/15)             Temple (1/1) D:6           Sewer (visited)

Altars:
Ashenzari
Dithmenos
Elyvilon
Okawaru
Ru
Sif Muna
Trog
Wu Jian
Xom
Zin
The Shining One

Annotations:
D:6 1 runed translucent door, ytrimaz's ghost, novice OpTm
Temple 2 transporters


Innate Abilities, Weirdness & Mutations

You are too large for most types of armour.
You have claws for hands.
Your natural rate of healing is unusually fast.
You are covered in fur. (AC +1)
You have tough skin. (AC +1)
You cannot study or cast Air magic.
You cannot study or cast Hexes magic.
You cannot study or cast Translocations magic.


Message History

The wight hits you with a +5 dire flail of freezing.
The wight freezes you. The wight barely misses you.
The wight hits you with a +2 mace of protection!
The wight hits you with a +5 dire flail of freezing!
You feel drained. The wight freezes you.
There is a stone staircase leading up, spattered with blood here.
The wight hits you with a +5 dire flail of freezing.
You feel drained. The wight freezes you.
The wight hits you with a +2 mace of protection!
You feel drained.
You climb upwards.
Level annotation: 1 runed translucent door, ytrimaz's ghost, novice OpTm
There is a stone staircase leading down, spattered with blood here.
The wight misses you. The wight attacks as you move away!
The wight hits you with a +5 dire flail of freezing!
* * * LOW HITPOINT WARNING * * *
The wight freezes you.
* * * LOW HITPOINT WARNING * * *
It was a potion of curing.
You feel better. The wight barely misses you.
It was a potion of magic.
Magic courses through your body.
The wight hits you with a +5 dire flail of freezing.
* * * LOW HITPOINT WARNING * * *
The wight freezes you.
* * * LOW HITPOINT WARNING * * *
You feel better. You block the wight's attack.
It was a potion of brilliance.
You feel clever all of a sudden. You block the wight's attack.
You feel very mighty all of a sudden.
The wight hits you with a +5 dire flail of freezing!
* * * LOW HITPOINT WARNING * * *
You feel drained.
* * * LOW HITPOINT WARNING * * *
The wight freezes you.
* * * LOW HITPOINT WARNING * * *
You claw the wight!
The wight is almost destroyed.
The wight hits you with a +5 dire flail of freezing!
You die...

####### #.....#
########.....#
.............#
########.....#
#...<.# ###.### ##
#.# #######
.#########.# #zz@..#
...........###>###.#
...######......# #.#
##.....###.###.###.#
...###.###.###.....#
)### #...........###
...# #####.####..#
#..# #.# #..# #..#
#.####..#


You could see 2 wights.

Vanquished Creatures
  A water moccasin (Sewer)
  A sky beast (D:6)
  2 ice beasts
  A necrophage (D:5)
  4 scorpions
  A wight (D:6)
  A hound (D:5)
  A gnoll bouda (D:4)
  4 iguanas
  An orc wizard (D:6)
  5 gnolls
  6 adders
  2 ufetubi (D:5)
  5 worms
  2 dart slugs (D:4)
  7 orcs
  4 ball pythons
  9 endoplasms
  2 giant cockroaches (D:1)
  6 hobgoblins
  10 jackals
  5 quokkas
  6 bats
  3 frilled lizards
  4 goblins
  4 kobolds
  12 rats
109 creatures vanquished.

Vanquished Creatures (others)
  5 bushes (D:6)
5 creatures vanquished.

Grand Total: 114 creatures vanquished

Notes
Turn   | Place    | Note
-------+----------+-------------------------------------------
     0 | D:1      | ragingrage the Troll Fighter began the quest for the Orb.
     0 | D:1      | Reached XP level 1. HP: 22/22 MP: 0/0
   305 | D:1      | Reached XP level 2. HP: 29/29 MP: 1/1
   413 | D:1      | Reached skill level 3 in Unarmed Combat
   903 | D:2      | Reached XP level 3. HP: 34/36 MP: 2/2
   956 | D:2      | Reached skill level 4 in Unarmed Combat
  1401 | D:3      | Reached XP level 4. HP: 30/44 MP: 3/3
  1582 | D:3      | Found a broken altar of Ashenzari.
  1682 | D:3      | Found a shadowy altar of Dithmenos.
  1682 | D:3      | Found a sacrificial altar of Ru.
  1774 | D:3      | Found a shimmering blue altar of Sif Muna.
  1808 | D:3      | Became a worshipper of Ru the Awakened
  1979 | D:4      | Reached skill level 5 in Unarmed Combat
  1997 | D:4      | Reached XP level 5. HP: 35/50 MP: 4/4
  2090 | D:4      | Found a glowing drain.
  2097 | Sewer    | Entered a sewer
  2151 | Sewer    | Noticed a water moccasin
  2158 | Sewer    | Killed a water moccasin
  2159 | Sewer    | Reached skill level 6 in Unarmed Combat
  2159 | Sewer    | Reached XP level 6. HP: 52/59 MP: 5/5
  2645 | D:4      | Reached skill level 7 in Unarmed Combat
  2952 | D:4      | Gained mutation: You cannot study or cast Air magic. [Ru
                  | sacrifice]
  2952 | D:4      | Gained mutation: You cannot study or cast Hexes magic. [Ru
                  | sacrifice]
  2952 | D:4      | Gained mutation: You cannot study or cast Translocations
                  | magic. [Ru sacrifice]
  2952 | D:4      | Reached * piety under Ru
  3001 | D:5      | Entered Level 5 of the Dungeon
  3012 | D:5      | Noticed an ice beast
  3020 | D:5      | Killed an ice beast
  3021 | D:5      | Reached XP level 7. HP: 52/66 MP: 6/6
  3057 | D:5      | Reached skill level 8 in Unarmed Combat
  3376 | D:5      | Found an ornate altar of the Wu Jian Council.
  3428 | D:5      | Reached skill level 9 in Unarmed Combat
  4010 | D:6      | Found a runed translucent door.
  4011 | D:6      | Noticed ytrimaz's ghost (novice OpTm)
  4011 | D:6      | Noticed a vampire
  4090 | D:6      | Found a staircase to the Ecumenical Temple.
  4242 | D:6      | Reached XP level 8. HP: 72/74 MP: 7/7
  4718 | Temple   | Entered the Ecumenical Temple
  4718 | Temple   | Found a transporter.
  4718 | Temple   | Found a transporter.
  4813 | D:6      | Mangled by a wight

Illustrated notes

Levels and vault maps discovered:
D:1:      dpeg_arrival_connections, layout_basic, minmay_misc_feat_tiny
D:2:      layout_rooms
D:3:      layout_rooms, nicolae_overflow_hidden_temple,
          mainiacjoe_overflow_brackets, gammafunk_temple_overflow_statue
D:4:      layout_basic, gup_sewer_entry_bubbles, nicolae_titane
D:5:      layout_basic, lemuel_round_altar
D:6:      minmay_klotski, layout_loops_ring, minmay_temple_entry_arrows,
          ebering_ghost_inner_flame, uniq_pikel
D:7:      layout_gridville, nicolae_qazlal_style_of_elements
Temple:   hellmonk_temple_divided_pantheon

Skill      XL: |  1  2  3  4  5  6  7 |
---------------+----------------------+-----
Unarmed Combat | 3 4 5 6 7 9 |  9.9
Fighting       | |  2.4
Dodging        | |  2.4
Shields        | |  2.6

Action                   |  1- 3 |  4- 6 |  7- 9 || total
-------------------------+-------+-------+-------++-------
Melee: Unarmed           |   110 |   112 |    64 ||   286
Throw: Dart              |       |     6 |       ||     6
Invok: Sacrifice Arcana  |       |     1 |       ||     1
  Use: Scroll            |       |       |     4 ||     4
       Potion            |       |       |     5 ||     5
 Stab: Sleeping          |     1 |       |     1 ||     2
Armor: Robe              |    27 |    33 |    11 ||    71
Dodge: Dodged            |    40 |    42 |    17 ||    99
Block: Kite shield       |    45 |    44 |    18 ||   107

Table legend: (Time is in decaauts)
 A = Elapsed time spent in this place.
 B = Non-inter-level travel time spent in this place.
 C = Inter-level travel time spent in this place.
 D = Time resting spent in this place.
 E = Time spent auto-exploring this place.
 F = Levels seen in this place.
 G = Mean time per level.
                   A        B        C        D        E       F      G
               +--------+--------+--------+--------+--------+-----+--------+
         Total |   4865 |   4524 |    341 |     64 |   3599 |   9 |  540.6 |
       Dungeon |   4731 |   4390 |    341 |     49 |   3520 |   7 |  675.9 |
        Temple |      1 |      1 |      0 |      0 |      0 |   1 |    1.0 |
         Sewer |    133 |    133 |      0 |     15 |     79 |   1 |  133.0 |
               +--------+--------+--------+--------+--------+-----+--------+

Top non-repeatable levels by time:
     D:4: 957 daAuts
     D:6: 916 daAuts
     D:1: 906 daAuts
     D:5: 873 daAuts
     D:3: 594 daAuts
     D:2: 463 daAuts
   Sewer: 133 daAuts
     D:7: 19 daAuts
  Temple: 1 daAuts
